 Dungeon Crawl Stone Soup version 0.30.0-10-gfe55d96785 (webtiles) character file.

Game seed: 15282428735934709451

737 Demosthentine the Poker (level 7, -1/57 HPs)
             Began as a Demonspawn Gladiator on May 14, 2023.
             Was an Initiate of Hepliaklqana.
             Slain by Pikel
             ... wielding a +2 whip of flaming
              (5 damage)
             ... on level 4 of the Dungeon on May 15, 2023.
             The game lasted 00:03:01 (2761 turns).

Demosthentine the Poker (Demonspawn Gladiator)      Turns: 2761, Time: 00:03:01

Health: -1/57      AC:  7    Str: 16    XL:     7   Next: 46%
Magic:  7/7        EV: 13    Int: 10    God:    Hepliaklqana [......]
Gold:   256        SH:  0    Dex: 14    Spells: 6/6 levels left

rFire   . . .        a - +1 trident
rCold   . . .        (no shield)
rNeg    . . .        b - +0 leather armour
rPois   .            c - +1 helmet
rElec   .            (no cloak)
rCorr   .            (no gloves)
SInv    .            (no boots)
Will    .....        (no amulet)
Stlth   +            l - +4 ring of slaying
HPRegen 0.29/turn    (no ring)
MPRegen 0.10/turn

%: no passive effects
@: confused, ambrosia-drunk
A: rugged brown scales 2, powered by death 1, condensation shield, demonic touch
1
a: Renounce Religion


You were on level 4 of the Dungeon.
You worshipped Hepliaklqana.
Hepliaklqana was noncommittal.
You visited 1 branch of the dungeon, and saw 4 of its levels.

You collected 256 gold pieces.

Inventory:

Hand Weapons
 a - a +1 trident (weapon)
Missiles
 e - a javelin (quivered)
Armour
 b - a +0 leather armour (worn)
 c - a +1 helmet (worn)
Jewellery
 l - a +4 ring of slaying (left hand)
Wands
 h - a wand of digging (6)
Scrolls
 d - a scroll of teleportation
 g - a scroll of enchant weapon
 j - 3 scrolls of blinking {unknown}
 t - a scroll of identify
Potions
 i - a potion of cancellation
 k - a potion of curing
 m - a potion of lignification
 n - a potion of ambrosia
 o - a potion of heal wounds {unknown}
 p - a potion of flight {unknown}
 q - a potion of invisibility {unknown}
 r - a potion of mutation {unknown}
 s - a potion of haste {unknown}


   Skills:
 + Level 4.5 Fighting
 + Level 4.6 Polearms
 - Level 1.7 Throwing
 + Level 3.5 Armour
 + Level 4.6 Dodging


You had 6 spell levels left.
You didn't know any spells.
Your spell library contained the following spells:

 Spells                   Type           Power      Damage    Failure   Level
 Kiss of Death            Conj/Necr      0%         2d5       41%         1


Dungeon Overview and Level Annotations

Branches:
Dungeon (4/15)
 Temple: D:4-7

Altars:
Dithmenos
Hepliaklqana
Yredelemnul

Annotations:
D:4 Pikel


Innate Abilities, Weirdness & Mutations

You are mostly covered in rugged brown scales. (AC +2, +5% HP)
You regenerate a little health from kills.
A meltable shield of frost defends you. (SH +0)
Your touch may inflict minor irresistible damage on your foes.


Message History

The lemure is almost dead.
The lemure barely misses you.
You puncture the lemure!
You kill the lemure!
That felt strangely unrewarding.
Pikel attacks as you move away! Pikel barely misses you.
Throw: throwing net
Press: ? - help, Q - select action, (/) - cycle Shift-Dir - straight line, f - Pikel
Aim: Pikel, wielding a +2 whip of flaming and wearing a +2 robe of fire resistance (59% to hit)
You throw a throwing net. The throwing net barely misses Pikel.
Pikel says, "Antaeus said I was his favorite kobold.
Me!"
Pikel closely misses you.
You barely miss Pikel.
Pikel hits you with a +2 whip of flaming!
Your condensation shield dissipates!
Pikel burns you.
You barely miss Pikel.
Pikel hits you with a +2 whip of flaming.
Pikel burns you.
You closely miss Pikel. Pikel barely misses you.
You hit Pikel. Your touch misses Pikel.
Pikel is lightly wounded.
Pikel hits you with a +2 whip of flaming!
Pikel burns you.
You closely miss Pikel.
Pikel is lightly wounded.
Pikel hits you with a +2 whip of flaming!
* * * LOW HITPOINT WARNING * * *
Pikel burns you.
* * * LOW HITPOINT WARNING * * *
Pikel hits you with a +2 whip of flaming!
* * * LOW HITPOINT WARNING * * *
Pikel burns you.
* * * LOW HITPOINT WARNING * * *
Pikel attacks as you move away! Pikel barely misses you.
It was a potion of ambrosia.
You are confused.
You feel invigorated.
Pikel hits you with a +2 whip of flaming.
You die...

########### #
...55K5...# .
#########5# #
#5# # #.# #
#5####### #
#.K@....# #
#######.# #
#.# #### #.#
#... #.#
######.##
#.####........
#...##.####.##
###.##.# #...
#....# ####


You could see Pikel and a lemure.

Vanquished Creatures
  An ogre (D:4)
  A phantom (D:4)
  A lemure (D:4)
  A scorpion (D:4)
  4 wights
  2 hounds (D:3)
  2 iguanas
  2 orc wizards
  Robin (D:4)
  3 adders (D:3)
  A gnoll (D:3)
  A worm (D:3)
  A dart slug (D:1)
  9 orcs
  8 ball pythons
  4 bats
  8 endoplasms
  3 giant cockroaches
  11 goblins
  7 hobgoblins
  3 jackals (D:1)
  3 quokkas
  5 frilled lizards
  8 kobolds
  6 rats
96 creatures vanquished.

Notes
Turn   | Place    | Note
-------+----------+-------------------------------------------
     0 | D:1      | Demosthentine the Demonspawn Gladiator began the quest for
                  | the Orb.
     0 | D:1      | Reached XP level 1. HP: 16/16 MP: 1/1
   183 | D:1      | Gained mutation: You are partially covered in rugged brown
                  | scales. (AC +1, +3% HP) [demonic ancestry]
   183 | D:1      | Reached XP level 2. HP: 6/22 MP: 2/2
   854 | D:1      | Reached skill level 1 in Armour
   957 | D:2      | Gained mutation: A meltable shield of frost defends you.
                  | (SH +0) [demonic ancestry]
   957 | D:2      | Reached XP level 3. HP: 28/28 MP: 3/3
  1060 | D:2      | Found a faded altar of an unknown god.
  1108 | D:2      | Got Plato's Omnibus of Shadows
  1467 | D:3      | Noticed a wight
  1478 | D:3      | Killed a wight
  1479 | D:3      | Gained mutation: You are mostly covered in rugged brown
                  | scales. (AC +2, +5% HP) [demonic ancestry]
  1479 | D:3      | Reached XP level 4. HP: 28/35 MP: 4/4
  1527 | D:2      | Gained mutation: Your touch may inflict minor irresistible
                  | damage on your foes. [demonic ancestry]
  1527 | D:2      | Reached XP level 5. HP: 43/43 MP: 5/5
  1837 | D:3      | Gained mutation: You regenerate a little health from kills.
                  | [demonic ancestry]
  1837 | D:3      | Reached XP level 6. HP: 47/49 MP: 6/6
  2006 | D:3      | Noticed a shadow
  2007 | D:3      | Found a shadowy altar of Dithmenos.
  2008 | D:3      | Found a hazy altar of Hepliaklqana.
  2077 | D:3      | Became a worshipper of Hepliaklqana the Forgotten
  2258 | D:3      | Found a basalt altar of Yredelemnul.
  2403 | D:4      | Noticed Robin
  2421 | D:4      | Killed Robin
  2511 | D:4      | Reached XP level 7. HP: 56/56 MP: 7/7
  2738 | D:4      | Noticed Pikel
  2759 | D:4      | HP: 1/57 [Pikel/+2 whip of flaming (4)]
  2761 | D:4      | Slain by Pikel

Illustrated notes

Levels and vault maps discovered:
D:1:      matt_arrival_diagonals, layout_basic, minmay_box_of_dots
D:2:      layout_rooms, shapermc_ecumenical_altar_rom_forum,
          amcnicky_mini_pool_small
D:3:      cheibrodos_helix_gallery, layout_basic,
          riverfiend_overflow_shadow_ancestor,
          mainiacjoe_overflow_cross_hatched, serial_bayou_pond_c,
          cheibrodos_gnoll_hut
D:4:      layout_basic, amcnicky_mini_rare_corridor_liquid, minmay_cupped,
          uniq_pikel, uniq_robin, uniq_crazy_yiuf_cottage

Skill      XL: |  1  2  3  4  5  6 |
---------------+-------------------+-----
Polearms       | 3 4 |  4.6
Dodging        | 3 4 |  4.6
Armour         | 1 2 3 |  3.5
Fighting       | 3 4 |  4.5
Throwing       | |  1.7

Action                     |  1- 3 |  4- 6 |  7- 9 || total
---------------------------+-------+-------+-------++-------
  Melee: Trident           |   131 |   102 |    39 ||   272
         Touch             |       |    17 |     5 ||    22
  Throw: Throwing net      |     3 |     2 |     1 ||     6
    Use: Scroll            |     7 |     1 |       ||     8
         Potion            |       |       |     1 ||     1
   Stab: Sleeping          |     3 |       |       ||     3
         Held in net/web   |     1 |       |       ||     1
 Armour: Leather armour    |    30 |    20 |     5 ||    55
  Dodge: Dodged            |    51 |    47 |    20 ||   118
  Block: Other             |    12 |    11 |     3 ||    26
